 Dungeon Crawl Stone Soup version 0.22.1-1-ga44c0e5 (webtiles) character file.

634 miragecloak the Changer (level 7, -4/46 HPs)
             Began as an Octopode Transmuter on Oct 18, 2018.
             Slain by Edmund
             ... wielding a +6 flail of holy wrath
              (6 damage)
             ... on level 6 of the Dungeon.
             The game lasted 00:06:21 (4106 turns).

miragecloak the Changer (Octopode Transmuter)       Turns: 4106, Time: 00:06:21

Health: -4/46      AC:  1    Str:  9    XL:     7   Next: 49%
Magic:  33/34      EV: 15    Int: 15    God:
Gold:   146        SH:  0    Dex: 15    Spells: 6/10 levels left

rFire    . . .     SeeInvis .   n - staff of power
rCold    . . .     Gourm    .   (no shield)
rNeg     . . .     Faith    .   (helmet restricted)
rPois    .         Spirit   .   (no amulet)
rElec    .         Reflect  .   j - ring of magical power
rCorr    .         Harm     .   (no ring)
MR       .....                  (no ring)
Stlth    ++........             (no ring)
HPRegen  0.15/turn              (no ring)
MPRegen  0.24/turn              (no ring)
                                (no ring)
                                (no ring)

@: drained
A: almost no armour, stealthy swim, amphibious, 8 rings, constrict 8, camouflage
1, gelatinous body 1
a: no special abilities


You were on level 6 of the Dungeon.
You were not hungry.

You visited 2 branches of the dungeon, and saw 7 of its levels.

You collected 146 gold pieces.

Inventory:

Missiles
 a - 38 arrows
Magical Staves
 n - an uncursed staff of power (weapon)
Jewellery
 j - a ring of magical power (left tentacle)
Wands
 o - a wand of digging (12)
Scrolls
 b - a scroll of blinking {unknown}
 g - 4 scrolls of remove curse {unknown}
 h - 5 scrolls of identify {unknown}
 i - 4 scrolls of teleportation {unknown}
 l - a scroll of magic mapping
 p - a scroll of immolation {unknown}
Potions
 d - a potion of mutation {unknown}
 e - a potion of might {unknown}
 f - a potion of heal wounds {unknown}
 k - a potion of agility {unknown}
Comestibles
 c - 8 rations


   Skills:
 - Level 3.1(3.0) Fighting
 + Level 3.6(3.5) Dodging
 + Level 4.5(4.4) Unarmed Combat
 - Level 2.0(1.9) Spellcasting
 - Level 4.5(4.4) Transmutations
 - Level 4.0(3.9) Poison Magic


You had 6 spell levels left.
You knew the following spells:

 Your Spells              Type           Power        Failure   Level  Hunger
a - Beastly Appendage     Tmut           ##....       3%          1    ##.....
b - Spider Form           Tmut/Pois      ##........   12%         3    ####...

Your spell library contained the following spells:

 Spells                   Type           Power        Failure   Level  Hunger
 Sticks to Snakes         Tmut           ##......     5%          2    ###....
 Ice Form                 Ice/Tmut       #.......     65%         4    #####..
 Blade Hands              Tmut           ##........   71%         5    ######.


Dungeon Overview and Level Annotations

Branches:
Dungeon (6/15)             Temple (1/1) D:6

Altars:
Ashenzari
Dithmenos
Elyvilon
Gozag
Makhleb
Nemelex Xobeh
Okawaru
Qazlal
Ru
Wu Jian
Yredelemnul
Zin
Lugonu

Annotations:
D:6 Edmund


Innate Abilities, Weirdness & Mutations

You cannot wear most types of armour.
You are very stealthy in the water. (Stealth+)
You are amphibious.
You can wear up to eight rings at the same time.
You can use your tentacles to constrict eight enemies at once.
Your skin changes colour to match your surroundings (Stealth+).
Your rubbery body absorbs attacks. (AC +1, EV +1)


Message History

The giant cockroach closely misses you. The giant cockroach closely misses you.
The giant cockroach completely misses you.
The giant cockroach waves its antennae.
A crimson imp and Edmund come into view.
Edmund is wielding a flail of holy wrath.
Edmund shouts!
The giant cockroach closely misses you.
The crimson imp shouts!
Edmund hits you with a flail of holy wrath!
* * * LOW HITPOINT WARNING * * *
The giant cockroach bites you.
* * * LOW HITPOINT WARNING * * *
The crimson imp closely misses you. The giant cockroach misses you.
As you read the scroll labeled ZEUNLUIKHAB, it crumbles to dust.
You feel aware of your surroundings.
You sensed 1 altar.
It was a scroll of magic mapping.
The giant cockroach closely misses you.
Edmund hits you with a flail of holy wrath.
You die...

.#............#
z##...........#
.##...........#
..##..........#
z.##..........#
..##..........#
..##..........######
...#.......z..##...#
.............#5@@.#*
#............z.s###
##............###
#....#......##
##.........##
##.....##.#
#.....#### ##.....**
##....,**


You could see Edmund, 2 wights, a crimson imp and a giant cockroach.

Vanquished Creatures
  Grinder (D:4)
  Sigmund (D:2)
  A sky beast (D:6)
  An orc priest (D:3)
  Ijyb (D:3)
  A worker ant (D:5)
  A worker ant zombie (D:5)
  4 adders
  A shadow imp (D:6)
  An adder skeleton (D:4)
  A worm (D:3)
  A dart slug (D:1)
  2 leopard geckos
  3 orcs
  6 bats
  A giant cockroach (D:1)
  5 goblins
  6 hobgoblins
  3 quokkas
  A ball python skeleton (D:4)
  2 frilled lizards
  9 kobolds
  3 rats
56 creatures vanquished.

Notes
Turn   | Place    | Note
-------+----------+-------------------------------------------
     0 | D:1      | miragecloak the Octopode Transmuter began the quest for the
                  | Orb.
     0 | D:1      | Reached XP level 1. HP: 13/13 MP: 3/3
   265 | D:1      | Reached XP level 2. HP: 14/18 MP: 3/5
   903 | D:2      | Found an ornate altar of the Wu Jian Council.
  1241 | D:3      | Reached XP level 3. HP: 16/23 MP: 6/6
  1552 | D:2      | Learned a level 3 spell: Spider Form
  1748 | D:2      | Reached skill level 1 in Poison Magic
  2038 | D:2      | Found a faded altar of an unknown god.
  2061 | D:2      | Noticed Sigmund
  2084 | D:2      | Killed Sigmund
  2084 | D:2      | Reached XP level 4. HP: 5/28 MP: 3/7
  2084 | D:2      | Reached XP level 5. HP: 6/33 MP: 3/8
  2611 | D:3      | Found a sacrificial altar of Ru.
  2678 | D:3      | Found a stormy altar of Qazlal.
  2747 | D:3      | Reached XP level 6. HP: 33/38 MP: 5/9
  3190 | D:3      | Noticed Ijyb
  3201 | D:3      | Killed Ijyb
  3472 | D:4      | Found a white marble altar of Elyvilon.
  3474 | D:4      | Noticed Grinder
  3477 | D:4      | Paralysed by Grinder for 2 turns
  3494 | D:4      | Killed Grinder
  3494 | D:4      | Reached XP level 7. HP: 19/45 MP: 10/10
  3667 | D:5      | Entered Level 5 of the Dungeon
  3896 | D:6      | Found a staircase to the Ecumenical Temple.
  3959 | Temple   | Entered the Ecumenical Temple
  4092 | D:6      | Noticed Edmund
  4099 | D:6      | HP: 2/46 [Edmund/flail of holy wrath (9)]
  4106 | D:6      | Slain by Edmund

Skill      XL: |  1  2  3  4  5  6  7 |
---------------+----------------------+-----
Transmutations | 3 4 |  4.5
Poison Magic   | 4 |  4.0
Fighting       | 2 3 |  3.1
Dodging        | 3 |  3.6
Unarmed Combat | 4 |  4.5
Spellcasting   | |  2.0

Action                   |  1- 3 |  4- 6 |  7- 9 || total
-------------------------+-------+-------+-------++-------
Melee: Unarmed           |    56 |    77 |    31 ||   164
       Constrict         |    15 |     2 |       ||    17
       Kick              |    10 |       |       ||    10
       Tentacles         |     9 |       |       ||     9
       Staff             |       |     2 |       ||     2
 Cast: Beastly Appendage |    17 |       |       ||    17
       Spider Form       |     2 |    16 |     3 ||    21
  Use: Scroll            |       |       |     1 ||     1
 Stab: Sleeping          |     2 |     1 |       ||     3
  Eat: Chunk             |     4 |     6 |       ||    10
       Ration            |       |       |     1 ||     1
Armor: Skin              |    15 |     3 |     1 ||    19
Dodge: Dodged            |    61 |    71 |    35 ||   167
